 Dungeon Crawl Stone Soup version 0.31-a0-960-g0fca184906 (webtiles) character file.

Game seed: 9155679021486319999

114 Hubris850 the Ruffian (level 4, -1/28 HPs)
             Began as an Octopode Shapeshifter on Oct 23, 2023.
             Slain by an orc
             ... wielding a +0 dagger
              (3 damage)
             ... on level 3 of the Dungeon.
             The game lasted 00:03:51 (1421 turns).

Hubris850 the Ruffian (Octopode Shapeshifter)       Turns: 1421, Time: 00:03:52

Health: -1/28      AC:  1    Str: 15    XL:     4   Next: 98%
Magic:  4/4        EV: 14    Int: 12    God:
Gold:   154        SH:  5    Dex: 17    Spells: 3/3 levels left

rFire   . .          .
                       - Unarmed
rCold   . . .        s - +0 buckler
rNeg    . . .        (helmet currently unavailable)
rPois   .            k - amulet of magic regeneration
rElec   .            d - ring of willpower
rCorr   .            h - +6 ring of dexterity
SInv    .            (no ring)
Will    +....        (no ring)
Stlth   +++          (no ring)
HPRegen 0.24/turn    (no ring)
MPRegen 0.49/turn    (no ring)
                     (no ring)

%: no passive effects
@: beast-form
A: beast (slay +2), almost no armour, amphibious, 8 rings, camouflage 1,
gelatinous body 1, (nimble swimmer 1), tentacles
a: Begin Untransformation


You were on level 3 of the Dungeon.
You were a hulking beast.
You visited 1 branch of the dungeon, and saw 3 of its levels.

You collected 154 gold pieces.

Inventory:

Missiles
 m - 20 poisoned darts
Armour
 s - a +0 buckler (worn)
Jewellery
 d - a ring of willpower (left tentacle)
 h - a +6 ring of dexterity (right tentacle)
 k - an amulet of magic regeneration (around mantle)
Talismans
 b - a beast talisman
 c - a flux talisman
Scrolls
 e - 2 scrolls of identify {unknown}
 f - a scroll of vulnerability {unknown}
 g - a scroll of fog {unknown}
 i - a scroll of enchant armour {unknown}
 j - a scroll of blinking {unknown}
 n - a scroll of silence {unknown}
 q - a scroll of immolation {unknown}
 t - a scroll of revelation {unknown}
Potions
 a - a potion of lignification
 l - a potion of heal wounds {unknown}
 o - a potion of brilliance {unknown}
 p - a potion of might {unknown}
 r - a potion of mutation {unknown}


   Skills:
 - Level 1.0 Fighting
 + Level 3.2 Dodging
 + Level 1.2 Shields
 + Level 3.8 Unarmed Combat
 + Level 3.7 Shapeshifting


You had 3 spell levels left.
You didn't know any spells.
Your spell library contained the following spells:

 Spells                   Type           Power      Damage    Failure   Level
 Ensorcelled Hibernation  Hex/Ice        0%         N/A       54%         2
 Passwall                 Tmut/Erth      0%         N/A       54%         2
 Swiftness                Air            0%         N/A       78%         3


Dungeon Overview and Level Annotations

Branches:
Dungeon (3/15)

Altars:
Kikubaaqudgha
Yredelemnul

Annotations:
D:3 Grinder, Natasha


Innate Abilities, Weirdness & Mutations

You are a hulking beast.
Your limbs bulge with bestial killing power. (Slay +2)
You cannot wear most types of armour.
You are amphibious.
You can wear up to eight rings at the same time.
Your skin changes colour to match your surroundings (Stealth+).
Your rubbery body absorbs attacks. (AC +1, EV +1)
((You are camouflaged when in or above water. (Stealth+)))
You have tentacles for arms and can constrict up to eight enemies at once.


Message History

The magic dart hits you!
You tentacle-slap Natasha.
You kill Natasha!
Natasha screams in pain as she dies!
Your Shields skill increases to level 1!
An orc comes into view. It is wielding a +0 dagger.
Found 10 gold pieces.
The orc shouts!
The orc moves out of view.
Natasha, Servant of Life and Death comes into view.
She is carrying a wand of polymorph.
You tentacle-slap the worm. You grab the worm.
The worm is lightly wounded.
You constrict the worm. You completely miss the worm.
The worm is lightly wounded.
You constrict the worm.
A kobold comes into view. It is wielding a +0 club.
The worm completely misses you.
You completely miss the worm.
The kobold shouts!
You squeeze the worm.
The worm is moderately wounded.
You constrict the worm.
An endoplasm comes into view.
The endoplasm quivers.
You tentacle-slap the worm.
The worm is heavily wounded.
You constrict the worm. The worm closely misses you.
You tentacle-slap the worm.
The worm is almost dead.
You constrict the worm.
You kill the worm!
The orc hits you with a +0 dagger.
The kobold throws a stone.
The stone hits you but does no damage.
Natasha stares at you and mumbles some strange words.
The magic dart hits you!
* * * LOW HITPOINT WARNING * * *
The endoplasm jiggles.
The orc hits you with a +0 dagger.
You die...

.)..... ..#...... .......
..#...... ....... ..'......
....... #J....... .......
######'.###+## .......
#....Kh.#..... #######
#.......#.$$..
.#############...o...#$$_..
.............'..h....#....$
...###########.......#..$..
....# ######+.###### ....#
....... ....# ....... ....#
###.... ...$# ... ....#
.....


You could see Natasha, an orc, an endoplasm and a kobold.

Vanquished Creatures
  Natasha (twice) (D:3)
  2 worms
  A dart slug (D:2)
  5 bats
  2 endoplasms
  4 giant cockroaches
  4 goblins
  6 hobgoblins
  7 jackals
  2 quokkas
  3 ball pythons
  2 frilled lizards
  7 kobolds
  7 rats
54 creatures vanquished.

Notes
Turn   | Place    | Note
-------+----------+-------------------------------------------
     0 | D:1      | Hubris850 the Octopode Shapeshifter began the quest for the
                  | Orb.
     0 | D:1      | Reached XP level 1. HP: 13/13 MP: 1/1
   144 | D:1      | Reached XP level 2. HP: 17/18 MP: 2/2
   341 | D:1      | Reached XP level 3. HP: 11/23 MP: 3/3
   893 | D:2      | Found a basalt altar of Yredelemnul.
  1057 | D:2      | Identified the +0 cloak of Happiness {Regen+ Str+4}
  1238 | D:3      | Noticed Natasha
  1247 | D:3      | Killed Natasha
  1248 | D:3      | Reached XP level 4. HP: 10/28 MP: 4/4
  1388 | D:3      | Noticed Grinder
  1403 | D:3      | Noticed Natasha
  1407 | D:3      | Found an ancient bone altar of Kikubaaqudgha.
  1410 | D:3      | Killed Natasha
  1411 | D:3      | Reached skill level 1 in Shields
  1413 | D:3      | Noticed Natasha
  1419 | D:3      | HP: 1/28 [Natasha/magic dart (10)]
  1421 | D:3      | Slain by an orc

Illustrated notes

Levels and vault maps discovered:
D:1:      dpeg_arrival_yet_another_circle, layout_basic, serial_bayou_pond_a,
          minmay_split_cup_large
D:2:      layout_rooms, basic_altar
D:3:      layout_basic, amcnicky_altar_gilded, uniq_jessica, uniq_robin,
          uniq_grinder, uniq_natasha

Skill      XL: |  1  2  3  4 |
---------------+-------------+-----
Dodging        | 3 |  3.2
Shields        | 1 |  1.2
Fighting       | |  1.0
Unarmed Combat | |  3.8
Shapeshifting  | |  3.7

Action                     |  1- 3 |  4- 6 || total
---------------------------+-------+-------++-------
  Melee: Unarmed           |    78 |    22 ||   100
         Constrict         |    26 |     6 ||    32
         Tentacles         |    18 |     5 ||    23
         Punch             |     2 |       ||     2
   Stab: Sleeping          |     5 |       ||     5
 Armour: Skin              |    29 |     7 ||    36
  Dodge: Dodged            |    63 |     9 ||    72
  Block: Buckler           |     4 |     3 ||     7

Table legend: (Time is in decaauts)
 A = Elapsed time spent in this place.
 B = Non-inter-level travel time spent in this place.
 C = Inter-level travel time spent in this place.
 D = Time resting spent in this place.
 E = Time spent auto-exploring this place.
 F = Levels seen in this place.
 G = Mean time per level.
                   A        B        C        D        E       F      G
               +--------+--------+--------+--------+--------+-----+--------+
         Total |   1414 |   1377 |     37 |    150 |    880 |   3 |  471.3 |
       Dungeon |   1414 |   1377 |     37 |    150 |    880 |   3 |  471.3 |
               +--------+--------+--------+--------+--------+-----+--------+

Top non-repeatable levels by time:
     D:1: 811 daAuts
     D:2: 415 daAuts
     D:3: 187 daAuts
